BSA
PLYMOUTH ROCKS @ EL DORADO OILERS
08/31/2028
 
TOP OF THE 1ST
Plymouth Rocks batting - Pitching for El Dorado Oilers : RHP Jeffrey Stephens
Pitching: RHP Jeffrey Stephens
Batting: RHB Rafael Carreón 0-0: Ball
1-0: Called Strike
1-1: Foul Ball, location: 2F
1-2: Strikes out looking
Batting: LHB Roy Patrick 0-0: Ball
1-0: Foul Ball, location: 2F
1-1: Fly out, F8 (Flyball, 8RD)
Batting: RHB Andrés Lara 0-0: Called Strike
0-1: Fly out, F9 (Flyball, 9D)
Top of the 1st over - 0 run(s), 0 hit(s), 0 error(s), 0 left on base; Plymouth 0 - El Dorado 0
BOTTOM OF THE 1ST
El Dorado Oilers batting - Pitching for Plymouth Rocks : RHP José Martínez
Pitching: RHP José Martínez
Batting: RHB Nick Webb 0-0: Ground out 5-3 (Groundball, 56S)
Batting: RHB José Carlos Caraballo 0-0: Swinging Strike
0-1: Ball
1-1: Ball
2-1: Ground out 3-1 (Groundball, 34S)
Batting: LHB Tony Abete 0-0: Swinging Strike
0-1: Ball
1-1: Ball
2-1: Called Strike
2-2: Foul Ball, location: 2F
2-2: Strikes out swinging
Bottom of the 1st over - 0 run(s), 0 hit(s), 0 error(s), 0 left on base; Plymouth 0 - El Dorado 0
TOP OF THE 2ND
Plymouth Rocks batting - Pitching for El Dorado Oilers : RHP Jeffrey Stephens
Batting: LHB Bob Smith 0-0: Ball
1-0: Called Strike
1-1: Ball
2-1: Ball
3-1: Swinging Strike
3-2: Ground out 4-3 (Groundball, 4)
Batting: LHB Barrett Waters 0-0: Foul Ball, location: 2F
0-1: Called Strike
0-2: Ground out U3 (Groundball, 34)
Batting: LHB Roger Moore 0-0: Ball
1-0: Called Strike
1-1: Ball
2-1: Foul Ball, location: 2F
2-2: Strikes out swinging
Top of the 2nd over - 0 run(s), 0 hit(s), 0 error(s), 0 left on base; Plymouth 0 - El Dorado 0
BOTTOM OF THE 2ND
El Dorado Oilers batting - Pitching for Plymouth Rocks : RHP José Martínez
Batting: RHB Valentín Borges 0-0: Called Strike
0-1: Ball
1-1: Swinging Strike
1-2: Strikes out swinging
Batting: LHB José Hernández 0-0: Fly out, F7 (Flyball, 7S)
Batting: RHB Chris Parker 0-0: Foul Ball, location: 2F
0-1: Ball
1-1: Ball
2-1: Ground out 4-3 (Groundball, 34)
Bottom of the 2nd over - 0 run(s), 0 hit(s), 0 error(s), 0 left on base; Plymouth 0 - El Dorado 0
TOP OF THE 3RD
Plymouth Rocks batting - Pitching for El Dorado Oilers : RHP Jeffrey Stephens
Batting: RHB Luis Sánchez 0-0: Ball
1-0: Ball
2-0: Called Strike
2-1: Ball
3-1: Foul Ball, location: 2F
3-2: Ground out 5-3 (Groundball, 56S)
Batting: RHB Taylor McFarland 0-0: Called Strike
0-1: Ball
1-1: Foul Ball, location: 2F
1-2: Ball
2-2: Fly out, F4 (Popup, 4S)
Batting: RHB António Gonzáles 0-0: Foul Ball, location: 2F
0-1: Ground out 5-3 (Groundball, 56S)
Top of the 3rd over - 0 run(s), 0 hit(s), 0 error(s), 0 left on base; Plymouth 0 - El Dorado 0
BOTTOM OF THE 3RD
El Dorado Oilers batting - Pitching for Plymouth Rocks : RHP José Martínez
Batting: LHB José Martínez 0-0: Ball
1-0: Foul Ball, location: 2F
1-1: Ball
2-1: Fly out, F7 (Flyball, 7D)
Batting: RHB Eric Johnson 0-0: Ball
1-0: Called Strike
1-1: Swinging Strike
1-2: Strikes out looking
Batting: SHB Theron Harper 0-0: Ground out U3 (Groundball, 34)
Bottom of the 3rd over - 0 run(s), 0 hit(s), 0 error(s), 0 left on base; Plymouth 0 - El Dorado 0
TOP OF THE 4TH
Plymouth Rocks batting - Pitching for El Dorado Oilers : RHP Jeffrey Stephens
Batting: RHB Rafael Carreón 0-0: Ball
1-0: Ball
2-0: Foul Ball, location: 2F
2-1: Fly out, F4 (Popup, 3D)
Batting: LHB Roy Patrick 0-0: Called Strike
0-1: Ball
1-1: Foul Ball, location: 2F
1-2: Foul Ball, location: 2F
1-2: Foul Ball, location: 2F
1-2: Ball
2-2: Foul Ball, location: 2F
2-2: Strikes out swinging
Batting: RHB Andrés Lara 0-0: Fly out, F7 (Flyball, 7LDF)
Top of the 4th over - 0 run(s), 0 hit(s), 0 error(s), 0 left on base; Plymouth 0 - El Dorado 0
BOTTOM OF THE 4TH
El Dorado Oilers batting - Pitching for Plymouth Rocks : RHP José Martínez
Batting: RHB Nick Webb 0-0: Called Strike
0-1: Ball
1-1: Foul Ball, location: 2F
1-2: Foul Ball, location: 2F
1-2: Ball
2-2: Fly out, F6 (Popup, 4M)
Batting: RHB José Carlos Caraballo 0-0: Called Strike
0-1: Foul Ball, location: 2F
0-2: Foul Ball, location: 2F
0-2: Ball
1-2: Ball
2-2: Foul Ball, location: 2F
2-2: Ball
3-2: Foul Ball, location: 2F
3-2: Base on Balls
Batting: LHB Tony Abete 0-0: Swinging Strike
0-1: Called Strike
0-2: Ball
1-2: Ball
2-2: Strikes out swinging
Batting: RHB Valentín Borges 0-0: Ball
1-0: Called Strike
1-1: Ball
2-1: Foul Ball, location: 2F
2-2: Ball
3-2: Strikes out looking
Bottom of the 4th over - 0 run(s), 0 hit(s), 0 error(s), 1 left on base; Plymouth 0 - El Dorado 0
TOP OF THE 5TH
Plymouth Rocks batting - Pitching for El Dorado Oilers : RHP Jeffrey Stephens
Batting: LHB Bob Smith 0-0: Ball
1-0: Ball
2-0: Fly out, F8 (Flyball, 78M)
Batting: LHB Barrett Waters 0-0: Called Strike
0-1: Foul Ball, location: 2F
0-2: Strikes out swinging
Batting: LHB Roger Moore 0-0: Foul Ball, location: 2F
0-1: Foul Ball, location: 2F
0-2: Ball
1-2: Ball
2-2: Fly out, F8 (Flyball, 78M)
Top of the 5th over - 0 run(s), 0 hit(s), 0 error(s), 0 left on base; Plymouth 0 - El Dorado 0
BOTTOM OF THE 5TH
El Dorado Oilers batting - Pitching for Plymouth Rocks : RHP José Martínez
Batting: LHB José Hernández 0-0: Called Strike
0-1: Swinging Strike
0-2: Strikes out swinging
Batting: RHB Chris Parker 0-0: Ball
1-0: Ball
2-0: Called Strike
2-1: DOUBLE (Flyball, 89XD)
Batting: LHB José Martínez 0-0: Foul Ball, location: 2F
0-1: Ball
1-1: Swinging Strike
1-2: Ball
2-2: Strikes out swinging
Batting: RHB Eric Johnson 0-0: Ball
1-0: Ball
2-0: Foul Ball, location: 2F
2-1: Called Strike
2-2: Strikes out swinging
Bottom of the 5th over - 0 run(s), 1 hit(s), 0 error(s), 1 left on base; Plymouth 0 - El Dorado 0
TOP OF THE 6TH
Plymouth Rocks batting - Pitching for El Dorado Oilers : RHP Jeffrey Stephens
Batting: RHB Luis Sánchez 0-0: SINGLE (Groundball, 56D)
Batting: RHB Taylor McFarland 0-0: Ball
1-0: Fly out, F3 (Popup, 3S)
Batting: RHB António Gonzáles 0-0: Ball
1-0: Swinging Strike
1-1: Ball
2-1: Ball
3-1: Called Strike
3-2: Base on Balls
Luis Sánchez to second
Batting: RHB Rafael Carreón 0-0: Foul Ball, location: 2F
0-1: Ball
1-1: Foul Ball, location: 2F
1-2: Strikes out swinging
Batting: LHB Roy Patrick 0-0: Called Strike
0-1: Foul Ball, location: 2F
0-2: Strikes out looking
Top of the 6th over - 0 run(s), 1 hit(s), 0 error(s), 2 left on base; Plymouth 0 - El Dorado 0
BOTTOM OF THE 6TH
El Dorado Oilers batting - Pitching for Plymouth Rocks : RHP José Martínez
Batting: SHB Theron Harper 0-0: Fly out, F7 (Flyball, 78D)
Batting: RHB Nick Webb 0-0: Foul Ball, location: 2F
0-1: Foul Ball, location: 2F
0-2: Foul Ball, location: 2F
0-2: Ball
1-2: Ground out 4-3 (Groundball, 4)
Batting: RHB José Carlos Caraballo 0-0: Called Strike
0-1: Ball
1-1: SINGLE (Line Drive, 6MD)
Batting: LHB Tony Abete 0-0: Called Strike
0-1: Ball
1-1: Called Strike
José Carlos Caraballo steals 2nd base
1-2: Ball
2-2: Foul Ball, location: 2F
2-2: Fly out, F8 (Line Drive, 8LM)
Bottom of the 6th over - 0 run(s), 1 hit(s), 0 error(s), 1 left on base; Plymouth 0 - El Dorado 0
TOP OF THE 7TH
Plymouth Rocks batting - Pitching for El Dorado Oilers : RHP Jeffrey Stephens
Batting: RHB Andrés Lara 0-0: Ball
1-0: Ball
2-0: Called Strike
2-1: Foul Ball, location: 2F
2-2: Ground out 5-3 (Groundball, 56)
Batting: LHB Bob Smith 0-0: Ball
1-0: Foul Ball, location: 2F
1-1: Ball
2-1: Ball
3-1: Fly out, F7 (Flyball, 7S)
Batting: LHB Barrett Waters 0-0: Swinging Strike
0-1: Ball
1-1: Ground out U3 (Groundball, 34S)
Top of the 7th over - 0 run(s), 0 hit(s), 0 error(s), 0 left on base; Plymouth 0 - El Dorado 0
BOTTOM OF THE 7TH
El Dorado Oilers batting - Pitching for Plymouth Rocks : RHP José Martínez
Batting: RHB Valentín Borges 0-0: Ball
1-0: Ball
2-0: Called Strike
2-1: Reached via error on a dropped throw, E1
Batting: LHB José Hernández 0-0: Called Strike
0-1: 2-RUN HOME RUN (Flyball, 8RXD), Distance : 420 ft
Batting: RHB Chris Parker 0-0: Ball
1-0: Ball
2-0: Called Strike
2-1: Swinging Strike
2-2: Foul Ball, location: 2F
2-2: Strikes out looking
Batting: LHB José Martínez 0-0: Ball
1-0: Ground out 4-3 (Groundball, 4)
Batting: RHB Eric Johnson 0-0: SINGLE (Groundball, 6MD)
Batting: SHB Theron Harper 0-0: Fielders Choice at 2nd, 4-6 (Groundball, 34)
Bottom of the 7th over - 2 run(s), 2 hit(s), 1 error(s), 0 left on base; Plymouth 0 - El Dorado 2
TOP OF THE 8TH
Plymouth Rocks batting - Pitching for El Dorado Oilers : RHP Jeffrey Stephens
Batting: LHB Roger Moore 0-0: SINGLE (Groundball, 3D)
Batting: RHB Luis Sánchez 0-0: Called Strike
0-1: Ball
1-1: Fly out, F8 (Flyball, 8RM)
Batting: RHB Taylor McFarland 0-0: Fly out, F8 (Flyball, 8LD)
Runner from 1st tags up, SAFE at 2nd
Batting: RHB António Gonzáles 0-0: Ground out 6-3 (Groundball, 6)
Top of the 8th over - 0 run(s), 1 hit(s), 0 error(s), 1 left on base; Plymouth 0 - El Dorado 2
BOTTOM OF THE 8TH
El Dorado Oilers batting - Pitching for Plymouth Rocks : RHP José Martínez
Pitching: RHP Pablo Cabral
Batting: RHB Nick Webb 0-0: Ball
1-0: Foul Ball, location: 2F
1-1: Foul Ball, location: 2F
1-2: Strikes out swinging
Batting: RHB José Carlos Caraballo 0-0: Ball
1-0: Called Strike
1-1: Called Strike
1-2: Strikes out swinging
Batting: LHB Tony Abete 0-0: Foul Ball, location: 2F
0-1: Ball
1-1: Ball
2-1: Foul Ball, location: 2F
2-2: Ball
3-2: Base on Balls
Batting: RHB Valentín Borges 0-0: Ball
1-0: Called Strike
1-1: Called Strike
1-2: Ball
2-2: Ball
3-2: Foul Ball, location: 2F
3-2: Strikes out swinging
Bottom of the 8th over - 0 run(s), 0 hit(s), 0 error(s), 1 left on base; Plymouth 0 - El Dorado 2
TOP OF THE 9TH
Plymouth Rocks batting - Pitching for El Dorado Oilers : RHP Jeffrey Stephens
Now in RF: Pete Smith
Batting: RHB Rafael Carreón 0-0: SINGLE (Flyball, 8LS)
Batting: LHB Roy Patrick 0-0: SINGLE (Groundball, 56D)
Rafael Carreón to second
Batting: RHB Andrés Lara 0-0: Ground out 5-3 (Groundball, 56S)
Rafael Carreón to third
Roy Patrick to second
Batting: LHB Bob Smith 0-0: Ball
1-0: Ball
2-0: Ball
3-0: Base on Balls
Pitching: RHP Stanley Briggs
Batting: LHB Barrett Waters 0-0: Ball
1-0: Foul Ball, location: 2F
1-1: Ball
2-1: Swinging Strike
2-2: Strikes out swinging
Batting: LHB Roger Moore 0-0: Called Strike
0-1: Swinging Strike
0-2: Strikes out swinging
Top of the 9th over - 0 run(s), 2 hit(s), 0 error(s), 3 left on base; Plymouth 0 - El Dorado 2
Tuesday, August 8th, 2017 - OOTP Baseball 17.12 Build 75